 Dungeon Crawl Stone Soup version 0.28-a0-1227-ga9037bb4c8 (webtiles) character file.

Game seed: 1339364697795728493

1029 mcbry74 the Basher (level 8, 0/71 (74) HPs)
             Began as a Troll Berserker on Dec 22, 2021.
             Was an Elder of Trog.
             Slain by an orc priest (3 damage)
             ... on level 6 of the Dungeon.
             The game lasted 00:14:37 (4070 turns).

mcbry74 the Basher (Troll Berserker)                Turns: 4070, Time: 00:14:38

HP:   0/71 (74)     AC:  4    Str: 28    XL:     8   Next: 3%
MP:   7/7           EV: 10    Int:  3    God:    Trog [****..]
Gold: 242           SH:  0    Dex:  9    Spells: 7/7 levels left

rFire   . . .      SeeInvis .   a - +0 mace
rCold   . . .      Faith    .   (no shield)
rNeg    . . .      Spirit   .   b - +0 animal skin
rPois   +          Reflect  .   (helmet restricted)
rElec   .          Harm     .   (no cloak)
rCorr   .          Rampage  .   (gloves unavailable)
Will    .....                   (boots unavailable)
Stlth   +.........              (no amulet)
HPRegen 1.01/turn               f - ring of poison resistance
MPRegen 0.10/turn               (no ring)

@: hasted, lightly drained, very quick
A: large, unfitting armour, claws 3, regeneration 1, shaggy fur 1, tough skin 1
a: Renounce Religion, Berserk, Trog's Hand, Brothers in Arms


You were on level 6 of the Dungeon.
You worshipped Trog.
Trog was greatly pleased with you.
You visited 1 branch of the dungeon, and saw 7 of its levels.
You also visited: Sewer.

You collected 287 gold pieces.
You spent 45 gold pieces at shops.

Inventory:

Hand Weapons
 a - a +0 mace (weapon)
Missiles
 m - 2 boomerangs (quivered)
 o - 10 poisoned darts
Armour
 b - a +0 animal skin (worn)
Jewellery
 e - an amulet of magic regeneration
 f - a ring of poison resistance (left claw)
Wands
 w - a wand of mindburst (15)
 y - a wand of charming (10)
 A - a wand of flame (5)
Scrolls
 d - a scroll of torment {unknown}
 g - a scroll of magic mapping
 k - 4 scrolls of amnesia
 l - a scroll of enchant weapon
 x - a scroll of immolation {unknown}
Potions
 c - 2 potions of might {unknown}
 h - 3 potions of heal wounds {unknown}
 i - a potion of flight {unknown}
 j - a potion of degeneration {unknown}
 n - a potion of curing {unknown}
 p - 6 potions of haste
 q - 4 potions of mutation {unknown}
 r - a potion of cancellation {unknown}
 s - a potion of magic {unknown}
 t - 3 potions of brilliance {unknown}
 u - a potion of invisibility {unknown}
 v - a potion of resistance {unknown}
 z - a potion of ambrosia {unknown}


   Skills:
 - Level 2.4 Fighting
 + Level 9.0 Maces & Flails
 - Level 2.4 Dodging


You had 7 spell levels left.
You didn't know any spells.
Your spell library was empty.

Dungeon Overview and Level Annotations

Branches:
Dungeon (7/15)             Temple (0/1) D:5           Sewer (visited)

Altars:
Wu Jian

Shops:
D:5 ?


Innate Abilities, Weirdness & Mutations

You are too large for most types of armour.
You have claws for hands.
Your natural rate of healing is unusually fast.
You are covered in fur. (AC +1)
You have tough skin. (AC +1)


Message History

The orc priest shouts!
You sock the centaur zombie!
The centaur zombie is heavily damaged.
The centaur zombie barely misses you. The centaur zombie kicks you.
You hit the centaur zombie.
The centaur zombie is heavily damaged.
The centaur zombie hits you but does no damage.
The centaur zombie misses you.
The orc warrior hits you from afar with a +0 glaive!
The orc wizard casts a spell.
The orc wizard flickers and vanishes!
Deactivating autopickup; reactivate with Ctrl-A.
You sock the centaur zombie!
The centaur zombie is severely damaged.
The centaur zombie closely misses you.
The centaur zombie kicks you but does no damage.
The orc warrior hits you from afar with a +0 glaive!
The centaur zombie barely misses you. The centaur zombie closely misses you.
You hit the centaur zombie.
The centaur zombie is almost destroyed.
The orc warrior hits you from afar with a +0 glaive!
The centaur zombie hits you but does no damage.
The centaur zombie kicks you but does no damage.
You sock the centaur zombie!
You destroy the centaur zombie!
Trog accepts your kill. The orc warrior closely misses you.
Your Maces & Flails skill increases to level 9!
You have reached level 8!
You miss something. Something hits you but does no damage.
You feel drained.
The orc warrior hits you from afar with a +0 glaive!!
* * * LOW HITPOINT WARNING * * *
You closely miss something. Something hits you.
* * * LOW HITPOINT WARNING * * *
You feel drained.
The orc warrior hits you from afar with a +0 glaive!
* * * LOW HITPOINT WARNING * * *
It was a potion of haste.
You feel yourself speed up.
The orc priest hits you with a +0 short sword of draining.
You die...

.............
............
#........... ###...###
#.......... ........#
#........# ........#
#........# ........#
#..o...!.### ........#
#...o......#
........###..@........
..........#...........
....(.....#...........
#####...[..........##.
#............###
#####.......######
............#
............#
............##


You could see an orc warrior and an orc priest.

Vanquished Creatures
  A sky beast (D:4)
  2 necrophages
  A phantom (D:5)
  2 kobold brigands (Sewer)
  A centaur zombie (D:6)
  A hound (D:5)
  Ijyb (D:5)
  4 iguanas (D:5)
  An orc wizard (D:4)
  A scorpion zombie (D:5)
  Terence (D:2)
  Robin (D:2)
  6 river rats
  8 adders
  A white imp (D:5)
  6 worms
  3 dart slugs
  6 orcs (D:4)
  16 ball pythons
  4 endoplasms
  3 giant cockroaches
  14 goblins
  7 hobgoblins
  6 jackals
  18 kobolds
  2 quokkas
  6 bats
  4 frilled lizards
  A jackal zombie (D:4)
  26 rats
154 creatures vanquished.

Notes
Turn   | Place    | Note
-------+----------+-------------------------------------------
     0 | D:1      | mcbry74 the Troll Berserker began the quest for the Orb.
     0 | D:1      | Reached XP level 1. HP: 22/22 MP: 0/0
    53 | D:1      | Reached skill level 3 in Maces & Flails
   161 | D:1      | Reached XP level 2. HP: 29/29 MP: 1/1
   389 | D:1      | Reached ** piety under Trog
   414 | D:1      | Reached XP level 3. HP: 26/36 MP: 2/2
   671 | D:1      | Reached skill level 4 in Maces & Flails
   954 | D:2      | Noticed Terence
   963 | D:2      | Killed Terence
   964 | D:2      | Reached XP level 4. HP: 44/44 MP: 3/3
  1157 | D:2      | Noticed Robin
  1180 | D:2      | Killed Robin
  1306 | D:3      | Reached skill level 5 in Maces & Flails
  1907 | D:4      | Found a glowing drain.
  1954 | D:3      | Reached XP level 5. HP: 50/50 MP: 4/4
  1968 | D:4      | Reached *** piety under Trog
  1985 | Sewer    | Entered a sewer
  2072 | Sewer    | Reached skill level 6 in Maces & Flails
  2255 | Sewer    | Reached XP level 6. HP: 15/59 MP: 5/5
  2366 | Sewer    | Reached **** piety under Trog
  2872 | D:4      | Reached skill level 7 in Maces & Flails
  2878 | D:4      | Found an ornate altar of the Wu Jian Council.
  2952 | D:4      | Reached XP level 7. HP: 57/66 MP: 6/6
  3323 | D:5      | Entered Level 5 of the Dungeon
  3330 | D:5      | Found Fefuf's Magic Scroll Emporium.
  3336 | D:5      | Bought a scroll of magic mapping for 45 gold pieces
  3421 | D:5      | You fall into a shaft and drop 2 floors!
  3496 | D:5      | Reached skill level 8 in Maces & Flails
  3537 | D:5      | Noticed Ijyb
  3601 | D:5      | Killed Ijyb
  3695 | D:5      | Found a staircase to the Ecumenical Temple.
  4067 | D:6      | Reached skill level 9 in Maces & Flails
  4067 | D:6      | Reached XP level 8. HP: 33/73 MP: 7/7
  4069 | D:6      | HP: 2/71 [orc warrior (10)]
  4070 | D:6      | Slain by an orc priest

Illustrated notes

Levels and vault maps discovered:
D:1:      mrwooster_arrival_statue_3, layout_basic, minmay_pentomino_w4
D:2:      layout_rooms, minmay_misc_feat_encased, uniq_robin, uniq_terence
D:3:      layout_loops_ring
D:4:      layout_cave_pools, nicolae_wu_jian_immortal_techniques,
          enter_ossuary_3, cheibrodos_sewer_entry_sluice
D:5:      layout_rooms, minmay_temple_entry_butterflies, serial_shops, shop,
          st_stairs_6, uniq_ijyb
D:6:      layout_basic, kennysheep_small_square
D:7:      layout_loops_cross, gammafunk_ghost_split, minmay_chambers_of_fives

Skill      XL: |  1  2  3  4  5  6  7 |
---------------+----------------------+-----
Maces & Flails | 3 4 5 6 7 9 |  9.0
Fighting       | |  2.4
Dodging        | |  2.4

Action                   |  1- 3 |  4- 6 |  7- 9 || total
-------------------------+-------+-------+-------++-------
Melee: Mace              |   117 |   364 |   125 ||   606
Throw: Dart              |       |     7 |       ||     7
       Boomerang         |       |     5 |     3 ||     8
Invok: Berserk           |     1 |     1 |       ||     2
  Use: Scroll            |       |     5 |       ||     5
       Potion            |       |       |     1 ||     1
Armor: Animal skin       |    41 |   197 |    29 ||   267
Dodge: Dodged            |    75 |   283 |    46 ||   404

Table legend: (Time is in decaauts)
 A = Elapsed time spent in this place.
 B = Non-inter-level travel time spent in this place.
 C = Inter-level travel time spent in this place.
 D = Time resting spent in this place.
 E = Time spent auto-exploring this place.
 F = Levels seen in this place.
 G = Mean time per level.
                   A        B        C        D        E       F      G
               +--------+--------+--------+--------+--------+-----+--------+
         Total |   4169 |   4028 |    141 |    208 |   2394 |   8 |  521.1 |
       Dungeon |   3322 |   3181 |    141 |     98 |   1946 |   7 |  474.6 |
         Sewer |    846 |    846 |      0 |    109 |    448 |   1 |  846.0 |
               +--------+--------+--------+--------+--------+-----+--------+

Top non-repeatable levels by time:
   Sewer: 846 daAuts
     D:1: 780 daAuts
     D:3: 645 daAuts
     D:5: 628 daAuts
     D:4: 609 daAuts
     D:2: 557 daAuts
     D:6: 80 daAuts
     D:7: 20 daAuts
